 Dungeon Crawl Stone Soup version 0.32-a0-872-g59262bdc9b (webtiles) character file.

Game seed: 12269151416045177177

12480 pokeman the Eclecticist (level 11, 0/61 HPs)
             Began as a Deep Elf Hedge Wizard on Mar 30, 2024.
             Was a Priest of Vehumet.
             Slain by a two-headed ogre
             ... wielding a +0 giant spiked club
              (18 damage)
             ... on level 9 of the Dungeon.
             The game lasted 00:29:43 (11916 turns).

pokeman the Eclecticist (Deep Elf Hedge Wizard)    Turns: 11916, Time: 00:29:44

Health: 0/61       AC:  8    Str:  7    XL:     11   Next: 63%
Magic:  24/33      EV: 11    Int: 24    God:    Vehumet [***...]
Gold:   547        SH:  0    Dex: 14    Spells: 32/42 levels left

rFire   . . .        S - +1 short sword (venom)
rCold   + + .        (no shield)
rNeg    . . .        x - +1 leather armour {rC+}
rPois   .            u - +0 helmet
rElec   .            t - +0 cloak
rCorr   .            (no gloves)
SInv    .            I - +0 pair of boots
Will    +....        (no amulet)
Stlth   ++           B - ring of protection from cold
HPRegen 0.30/turn    H - ring of wizardry
MPRegen 0.23/turn

%: wizardry (x1)
@: no status effects
A: no striking features
a: Renounce Religion


You were on level 9 of the Dungeon.
You worshipped Vehumet.
Vehumet was most pleased with you.
You visited 2 branches of the dungeon, and saw 10 of its levels.
You also visited: Bailey.

You collected 547 gold pieces.

Inventory:

Hand Weapons
 s - a +3 quarterstaff of chaos
 w - a +2 dagger of electrocution
 M - the +3 dagger of the Toadstool {freeze, +Blink rPois rN+ Int+2}
   (You found it on level 8 of the Dungeon)

   Int+2:     It affects your intelligence (+2).
   rPois:     It protects you from poison.
   rN+:       It protects you from negative energy.
   +Blink:    It lets you blink.
 O - a +3 dagger of chaos
 S - a +1 short sword of venom (weapon)
Armour
 j - a +0 buckler
 t - a +0 cloak (worn)
 u - a +0 helmet (worn)
 x - a +1 leather armour of cold resistance (worn)
 I - a +0 pair of boots (worn)
Magical Staves
 q - a staff of fire
Jewellery
 B - a ring of protection from cold (left hand)
 H - a ring of wizardry (right hand)
 Q - a ring of flight
 R - a ring of fire
Wands
 r - a wand of polymorph (21)
 y - a wand of digging (6)
 N - a wand of paralysis (9)
Scrolls
 a - 4 scrolls of teleportation {unknown}
 b - 2 scrolls of poison {unknown}
 c - 2 scrolls of enchant weapon {unknown}
 e - 3 scrolls of vulnerability {unknown}
 f - a scroll of amnesia {unknown}
 g - 3 scrolls of fog {unknown}
 h - 2 scrolls of torment {unknown}
 l - 4 scrolls of identify {unknown}
 n - 2 scrolls of enchant armour {unknown}
 p - 3 scrolls of blinking {unknown}
 C - 7 scrolls of fear {unknown}
 J - 2 scrolls of noise {unknown}
 K - a scroll of revelation {unknown}
 L - a scroll of brand weapon {unknown}
 P - a scroll of silence {unknown}
Potions
 d - a potion of magic
 i - 4 potions of curing {unknown}
 k - 2 potions of brilliance {unknown}
 m - 2 potions of lignification {unknown}
 o - 4 potions of might {unknown}
 v - a potion of berserk rage {unknown}
 z - a potion of mutation {unknown}
 A - a potion of attraction {unknown}
 D - a potion of haste {unknown}
 F - a potion of enlightenment {unknown}
 G - a potion of heal wounds {unknown}


   Skills:
 - Level 4.0 Fighting
 - Level 4.0 Armour
 - Level 4.1 Dodging
 - Level 3.1 Stealth
 + Level 3.0 Shields
 * Level 16.0 Spellcasting
 + Level 9.0 Conjurations
 - Level 1.2 Hexes
 - Level 1.1 Summonings
 - Level 1.1 Translocations
 - Level 1.0 Fire Magic
 + Level 8.0 Ice Magic
 - Level 1.3 Air Magic
 - Level 1.3 Alchemy
 - Level 1.2 Evocations


You had 32 spell levels left.
You knew the following spells:

 Your Spells              Type           Power      Damage    Failure   Level
a - Magic Dart            Conj           100%       1d8       1%          1
b - Mephitic Cloud        Conj/Alch/Air  37%        N/A       1%          3
c - Call Imp              Summ           48%        N/A       1%          2
d - Blink                 Tloc           48%        N/A       1%          2
e - Ensorcelled Hibernat  Hex/Ice        82%        N/A       1%          2

Your spell library contained the following spells:

 Spells                   Type           Power      Damage    Failure   Level
 Olgreb's Toxic Radiance  Alch           25%        N/A       2%          4
 Apportation              Tloc           48%        N/A       1%          1
 Slow                     Hex            100%       N/A       1%          1
 Cigotuvi's Dreadful Rot  Necr/Alch/Air  46%        N/A       1%          2
 Jinxbite                 Hex            50%        N/A       1%          2
 Lesser Beckoning         Tloc           48%        N/A       1%          2
 Momentum Strike          Conj/Tloc      86%        3d10      1%          2
 Swiftness                Air            25%        N/A       3%          3
 Passwall                 Erth           19%        N/A       4%          3
 Conjure Ball Lightning   Conj/Air       22%        3x3d6     8%          6
 Alistair's Intoxication  Alch           16%        N/A       26%         5
 Summon Forest            Summ/Tloc      12%        N/A       28%         5
 Eringya's Noxious Bog    Alch           12%        4d6       32%         6
 Summon Hydra             Summ           12%        N/A       100%        7
 Discord                  Hex            12%        N/A       100%        8
 Disjunction              Tloc           12%        N/A       100%        8


Dungeon Overview and Level Annotations

Branches:
Dungeon (9/15)             Temple (1/1) D:4          Bailey (visited)
   Lair: D:8-11         Orc: D:9-12

Altars:
Ashenzari
Cheibriados
Dithmenos
Elyvilon
Fedhas
Gozag
Hepliaklqana
Kikubaaqudgha
Nemelex Xobeh
Qazlal
Ru
Sif Muna
Uskayaw
Vehumet
Wu Jian
Xom
Yredelemnul
Zin
The Shining One

Annotations:
D:9 Amaemon


Message History

Casting: Mephitic Cloud (safe; 1% risk of failure)
Confirm with . or Enter, or press ? or * to list all spells.
Aiming: Magic Dart (safe; 1% risk of failure)
Press: ? - help, Shift-Dir - straight line, f - two-headed ogre
Aim: a two-headed ogre, wielding a +0 giant spiked club and a +0 giant club (heavily wounded, confused, extremely poisoned, 100% to hit)
The magic dart hits the two-headed ogre but does no damage.
The two-headed ogre is heavily wounded.
The two-headed ogre cries.
You hit the two-headed ogre.
The two-headed ogre looks as sick as possible!
The two-headed ogre is heavily wounded.
The two-headed ogre says, "Why is everything spinning?"
Amaemon is engulfed in noxious fumes.
Amaemon is engulfed in noxious fumes.
Amaemon appears confused.
There are monsters nearby!
Amaemon is no longer weakened.
Casting: Magic Dart (safe; 1% risk of failure)
Confirm with . or Enter, or press ? or * to list all spells.
Aiming: Magic Dart (safe; 1% risk of failure)
Press: ? - help, Shift-Dir - straight line, f/p - two-headed ogre
Aim: a two-headed ogre, wielding a +0 giant spiked club and a +0 giant club (severely wounded, confused, extremely poisoned, 100% to hit)
The magic dart hits the two-headed ogre but does no damage.
The two-headed ogre is severely wounded.
Unknown command.
Casting: Magic Dart (safe; 1% risk of failure)
Confirm with . or Enter, or press ? or * to list all spells.
Aiming: Magic Dart (safe; 1% risk of failure)
Press: ? - help, Shift-Dir - straight line, f/p - two-headed ogre
Aim: a two-headed ogre, wielding a +0 giant spiked club and a +0 giant club (severely wounded, confused, extremely poisoned, 100% to hit)
The magic dart hits the two-headed ogre.
The two-headed ogre is severely wounded.
The two-headed ogre gestures wildly.
Amaemon is engulfed in noxious fumes.
You barely miss the two-headed ogre.
The two-headed ogre is severely wounded.
The two-headed ogre seems less confused.
The two-headed ogre hits you with a +0 giant spiked club!
* * * LOW HITPOINT WARNING * * *
The two-headed ogre hits you with a +0 giant club!!
You die...

..# ..### ##....##
..#.# #......#
..'.######..#......
..#.........#.....
#.####.###+###..#
#)####'##..###..##
#)...#....○.6....#
#)<..+....☼....O@#
#.)).#...☼.......#
#)####....###..###
#)## #....# ####
.).#.......
)..#........
.).#......
..###...## #'###...


You could see Amaemon (confused) and a two-headed ogre (very poisoned).

Vanquished Creatures
  3 two-headed ogres
  2 vault guards (Bailey)
  Psyche (D:8)
  Prince Ribbit (Bailey)
  Sigmund (D:3)
  12 yaks
  Grum (D:8)
  A wyvern (D:5)
  A basilisk (D:8)
  A steam dragon (D:8)
  8 humans (Bailey)
  Edmund (D:5)
  An ice beast (D:8)
  An orc warrior (Bailey)
  A black bear (D:5)
  3 sky beasts
  An ogre (D:6)
  3 wolves (D:8)
  A centaur (D:6)
  2 phantoms (D:5)
  Blork the orc (D:5)
  A kobold brigand (D:9)
  14 bullfrogs
  A gnoll sergeant (D:9)
  2 scorpions
  7 wights
  4 killer bees (D:8)
  2 howler monkeys
  2 bombardier beetles
  4 electric eels (D:7)
  4 jellies
  5 hounds
  Crazy Yiuf (D:3)
  A gnoll bouda (D:9)
  3 orc priests
  Jessica (D:2)
  2 sleepcaps (D:7)
  2 iguanas
  6 orc wizards
  9 gnolls
  7 adders
  2 white imps
  A dart slug (D:3)
  2 ribbon worms
  26 orcs
  4 ball pythons
  4 endoplasms
  4 giant cockroaches
  6 hobgoblins
  3 jackals (D:4)
  4 quokkas
  5 bats
  3 frilled lizards
  10 goblins
  4 kobolds
  5 rats
208 creatures vanquished.

Vanquished Creatures (collateral kills)
  Erica (D:9)
  Grinder (D:3)
  A slime creature (D:7)
  A wraith (D:9)
  A yak (D:9)
  A bullfrog (Bailey)
  A killer bee (D:8)
  A gnoll (Bailey)
  2 orcs
10 creatures vanquished.

Vanquished Creatures (others)
  2 electric eels (D:7)
2 creatures vanquished.

Grand Total: 220 creatures vanquished

Notes
Turn   | Place    | Note
-------+----------+-------------------------------------------
     0 | D:1      | pokeman the Deep Elf Hedge Wizard began the quest for the
                  | Orb.
     0 | D:1      | Reached XP level 1. HP: 10/10 MP: 7/7
   831 | D:2      | Reached XP level 2. HP: 16/16 MP: 7/9
  1114 | D:2      | Found a faded altar of an unknown god.
  1128 | D:2      | Reached skill level 5 in Spellcasting
  1623 | D:2      | Noticed Jessica
  1626 | D:2      | Killed Jessica
  1627 | D:2      | Reached skill level 1 in Fighting
  1627 | D:2      | Reached skill level 1 in Armour
  1627 | D:2      | Reached XP level 3. HP: 20/20 MP: 7/11
  1631 | D:2      | Learned a level 3 spell: Mephitic Cloud
  1634 | D:2      | Learned a level 2 spell: Call Imp
  1637 | D:2      | Learned a level 2 spell: Blink
  2158 | D:3      | Reached XP level 4. HP: 25/25 MP: 7/13
  2252 | D:3      | Noticed Grinder
  2549 | D:3      | Paralysed by Grinder for 5 turns
  2556 | D:3      | Paralysed by Grinder for 3 turns
  2572 | D:3      | Killed Grinder
  2573 | D:3      | Reached skill level 1 in Shields
  2573 | D:3      | Reached skill level 6 in Spellcasting
  2573 | D:3      | Reached XP level 5. HP: 11/29 MP: 1/16
  2573 | D:3      | Reached XP level 6. HP: 12/34 MP: 1/17
  2709 | D:3      | Found a runed translucent door.
  2710 | D:3      | Noticed Crazy Yiuf
  2731 | D:3      | Killed Crazy Yiuf
  3072 | D:3      | Noticed Sigmund
  3083 | D:3      | Killed Sigmund
  3084 | D:3      | Reached skill level 8 in Spellcasting
  3507 | D:4      | Reached XP level 7. HP: 38/38 MP: 11/20
  3922 | D:4      | Found a staircase to the Ecumenical Temple.
  3935 | Temple   | Entered the Ecumenical Temple
  3940 | Temple   | Became a worshipper of Vehumet
  3960 | D:4      | Found an opulent altar of Gozag.
  3961 | D:4      | Found a stormy altar of Qazlal.
  4190 | D:5      | Entered Level 5 of the Dungeon
  4482 | D:5      | Noticed a wyvern
  4493 | D:5      | Killed a wyvern
  4494 | D:5      | Reached skill level 9 in Spellcasting
  4494 | D:5      | Reached skill level 1 in Fire Magic
  4546 | D:5      | Noticed Edmund
  4555 | D:5      | Killed Edmund
  4556 | D:5      | Reached skill level 1 in Air Magic
  4556 | D:5      | Reached skill level 1 in Alchemy
  4556 | D:5      | Reached skill level 1 in Evocations
  4559 | D:5      | Learned a level 2 spell: Ensorcelled Hibernation
  4648 | D:5      | Noticed a two-headed ogre
  4650 | D:5      | Noticed Blork the orc
  4651 | D:5      | Reached XP level 8. HP: 39/43 MP: 16/23
  4885 | D:5      | Killed Blork the orc
  4886 | D:5      | Reached skill level 1 in Hexes
  4886 | D:5      | Reached skill level 1 in Ice Magic
  4993 | D:5      | Killed a two-headed ogre
  4994 | D:5      | Reached skill level 10 in Spellcasting
  4994 | D:5      | Reached skill level 5 in Conjurations
  5357 | D:5      | Reached skill level 11 in Spellcasting
  5445 | D:5      | Reached XP level 9. HP: 36/49 MP: 21/26
  6773 | D:7      | Noticed a two-headed ogre
  6802 | D:7      | Killed a two-headed ogre
  6803 | D:7      | Reached skill level 12 in Spellcasting
  6985 | D:7      | Reached * piety under Vehumet
  6985 | D:7      | Offered knowledge of Sting by Vehumet.
  7303 | D:7      | Found a flagged portal.
  7306 | D:7      | Reached skill level 5 in Ice Magic
  7311 | Bailey   | Entered a bailey
  7508 | Bailey   | Reached XP level 10. HP: 54/54 MP: 20/28
  7518 | Bailey   | Reached skill level 13 in Spellcasting
  7855 | Bailey   | Noticed a vault guard
  7865 | Bailey   | Killed a vault guard
  7865 | Bailey   | Offered knowledge of Freeze by Vehumet.
  7869 | Bailey   | Noticed a vault guard
  7870 | Bailey   | Noticed Prince Ribbit
  7888 | Bailey   | Killed a vault guard
  7889 | Bailey   | Reached skill level 14 in Spellcasting
  7903 | Bailey   | Killed Prince Ribbit
  8073 | D:7      | Reached ** piety under Vehumet
  8201 | D:7      | Found an ornate altar of the Wu Jian Council.
  9965 | D:8      | Identified the +3 dagger of the Toadstool {freeze, +Blink
                  | rPois rN+ Int+2}
 10211 | D:8      | Noticed Grum
 10224 | D:8      | Noticed a two-headed ogre
 10236 | D:8      | Reached XP level 11. HP: 50/55 MP: 19/31
 10238 | D:8      | Killed a two-headed ogre
 10245 | D:8      | Killed Grum
 10246 | D:8      | Reached skill level 15 in Spellcasting
 10327 | D:8      | Offered knowledge of Frozen Ramparts by Vehumet.
 10421 | D:8      | Reached *** piety under Vehumet
 10686 | D:8      | Noticed Psyche
 10703 | D:8      | Killed Psyche
 10711 | D:8      | Identified the +1 scale mail "Yfoemadao" {-Cast +Inv Dex+3}
 11235 | D:8      | Found a hazy altar of Hepliaklqana.
 11587 | D:9      | Noticed Erica
 11594 | D:9      | Offered knowledge of Olgreb's Toxic Radiance by Vehumet.
 11619 | D:9      | Killed Erica
 11830 | D:9      | Reached skill level 16 in Spellcasting
 11893 | D:9      | Noticed Amaemon
 11896 | D:9      | Noticed a two-headed ogre
 11916 | D:9      | Slain by a two-headed ogre

Illustrated notes

Levels and vault maps discovered:
D:1:      nzn_arrival_settlement, layout_loops_ring,
          chequers_serial_rivers_micro_a, amcnicky_mini_rare_corridor_liquid,
          serial_bayou_pond_a
D:2:      layout_loops_ring, hellmonk_ecumenical_altar_arch_garden, uniq_jessica
D:3:      layout_basic, kennysheep_generic_room_2, uniq_crazy_yiuf_cottage,
          uniq_grinder, uniq_sigmund
D:4:      layout_basic, gammafunk_temple_overflow_statue,
          minmay_temple_entry_glass
D:5:      layout_basic, uniq_blork_the_orc, uniq_edmund
D:6:      layout_basic, serial_bayou_pond_a
D:7:      cheibrodos_two_vegetables, layout_loops_corners,
          pdpol_wu_jian_five_deadly_venoms, enter_bailey_7, grunt_ministairs_10
D:8:      layout_rooms, worldfamousw_hep_ancestral_shrine,
          kennysheep_just_a_vault, uniq_psyche, uniq_grum
D:9:      layout_gridville, mainiacjoe_overflow_alcove_2,
          trog_three_pillars_becter, uniq_erica, uniq_jeremiah, uniq_amaemon
Temple:   minmay_freezing_vapour_temple

Skill      XL: |  1  2  3  4  5  6  7  8  9 10 11 |
---------------+----------------------------------+-----
Spellcasting   | 5 6 8 9 11 12 14 16 | 16.0
Fighting       | 1 2 3 4 |  4.0
Armour         | 1 3 4 |  4.0
Conjurations   | 2 3 4 5 6 8 9 |  9.0
Dodging        | 3 4 |  4.1
Shields        | 1 2 3 |  3.0
Fire Magic     | 1 |  1.0
Stealth        | 3 |  3.1
Air Magic      | 1 |  1.3
Alchemy        | 1 |  1.3
Evocations     | 1 |  1.2
Hexes          | 1 |  1.2
Ice Magic      | 3 5 6 8 |  8.0
Summonings     | |  1.1
Translocations | |  1.1

Action                     |  1- 3 |  4- 6 |  7- 9 | 10-12 || total
---------------------------+-------+-------+-------+-------++-------
  Melee: Dagger            |     5 |    10 |    73 |   221 ||   309
         Quarterstaff      |       |    18 |    15 |       ||    33
         Short sword       |       |       |       |     8 ||     8
   Cast: Magic Dart        |    77 |    64 |   208 |   268 ||   617
         Call Imp          |     1 |     3 |     7 |    18 ||    29
         Mephitic Cloud    |     1 |     3 |    31 |    46 ||    81
         Blink             |       |     1 |     5 |     4 ||    10
   Stab: Confused          |     1 |     2 |     6 |    28 ||    37
         Sleeping          |       |       |     1 |       ||     1
         Distracted        |       |       |       |     2 ||     2
 Armour: Robe              |     9 |    16 |     9 |       ||    34
         Skin              |       |    11 |       |       ||    11
         Leather armour    |       |       |    75 |   143 ||   218
  Dodge: Dodged            |    18 |    20 |    80 |    95 ||   213

Table legend: (Time is in decaauts)
 A = Elapsed time spent in this place.
 B = Non-inter-level travel time spent in this place.
 C = Inter-level travel time spent in this place.
 D = Time resting spent in this place.
 E = Time spent auto-exploring this place.
 F = Levels seen in this place.
 G = Mean time per level.
                   A        B        C        D        E       F      G
               +--------+--------+--------+--------+--------+-----+--------+
         Total |  11958 |  11497 |    461 |   1211 |   7949 |  11 | 1087.1 |
       Dungeon |  11185 |  10728 |    457 |   1110 |   7476 |   9 | 1242.8 |
        Temple |     10 |      6 |      4 |      0 |      0 |   1 |   10.0 |
        Bailey |    762 |    762 |      0 |    101 |    473 |   1 |  762.0 |
               +--------+--------+--------+--------+--------+-----+--------+

Top non-repeatable levels by time:
     D:7: 2566 daAuts
     D:5: 1454 daAuts
     D:3: 1369 daAuts
     D:8: 1259 daAuts
     D:2: 1179 daAuts
     D:6: 1009 daAuts
     D:4: 914 daAuts
     D:1: 834 daAuts
  Bailey: 762 daAuts
     D:9: 596 daAuts
  Temple: 10 daAuts
